 Dungeon Crawl Stone Soup version 0.30-a0-728-gc68057be0a (webtiles) character file.

Game seed: 7073286690449618646

55790 junb69 the Frost Mage (level 13, -6/111 HPs)
             Began as an Octopode Transmuter on Jan 30, 2023.
             Was the Champion of Ru.
             Mangled by a spark wasp (22 damage)
             ... on level 4 of the Lair of Beasts.
             The game lasted 01:25:52 (27006 turns).

junb69 the Frost Mage (Octopode Transmuter)        Turns: 27006, Time: 01:25:52

Health: -6/111     AC: 12    Str: 22    XL:     13   Next: 78%
Magic:  17/25      EV: 13    Int: 19    God:    Ru [******]
Gold:   1477       SH:  5    Dex: 13    Spells: 18/35 levels left

rFire   x . .      SeeInvis .      - Unarmed
rCold   + + +      Faith    .    (helmet currently unavailable)
rNeg    . . .      Spirit   .    p - amulet of reflection
rPois   +          Reflect  +    k - ring of resist corrosion
rElec   .          Harm     .    l - +6 ring of strength
rCorr   +          Rampage  .    B - +6 ring of strength
Will    +....      Clarity  +    (no ring)
Stlth   +++                      (no ring)
HPRegen 0.38/turn                (no ring)
MPRegen 0.19/turn                (no ring)

@: ice-form
A: freezing attack, boosted hp, almost no armour, amphibious, 7 rings, large,
(camouflage 1), low MP 1, (gelatinous body 1), missing a hand, hated by all,
inexperienced 1, (nimble swimmer 1), (tentacles), clarity, strong-willed 1
a: End Transformation, Renounce Religion, Draw Out Power, Power Leap, Apocalypse


You were on level 4 of the Lair of Beasts.
You worshipped Ru.
Ru was exalted by your worship.
You were a creature of crystalline ice.
You visited 4 branches of the dungeon, and saw 22 of its levels.
You visited 1 bazaar.

You collected 1600 gold pieces.
You spent 123 gold pieces at shops.

Inventory:

Missiles
 G - a throwing net
Armour
 I - a +2 hat (melded)
Magical Staves
 j - a staff of cold (melded)
Jewellery
 k - a ring of resist corrosion (left front paw)
 l - a +6 ring of strength (right front paw)
 p - an amulet of reflection (around neck)
 B - a +6 ring of strength (on tentacle)
Wands
 d - a wand of mindburst (11)
 i - a wand of polymorph (1)
 o - a wand of digging (2)
 v - a wand of iceblast (1)
 y - a wand of charming (12)
 C - a wand of flame (31)
Scrolls
 c - 3 scrolls of amnesia
 f - 2 scrolls of fog
 g - 2 scrolls of enchant armour
 m - a scroll of fear
 q - 4 scrolls of teleportation
 u - 2 scrolls of torment {unknown}
 w - a scroll of butterflies {unknown}
 E - a scroll of poison {unknown}
 F - 2 scrolls of blinking {unknown}
Potions
 a - 4 potions of lignification
 b - 12 potions of curing
 h - a potion of heal wounds
 r - a potion of brilliance {unknown}
 s - 2 potions of resistance
 t - 3 potions of might {unknown}
 z - 2 potions of ambrosia {unknown}
 A - 3 potions of flight
 D - 2 potions of magic {unknown}
 H - a potion of cancellation {unknown}
 J - a potion of invisibility {unknown}
Miscellaneous
 e - a condenser vane


   Skills:
 * Level 10.4 Fighting
 - Level 8.7 Dodging
 - Level 4.2 Stealth
 * Level 10.7 Unarmed Combat
 - Level 11.7 Spellcasting
 - Level 2.0 Conjurations
 - Level 6.4 Transmutations
 - Level 13.0 Ice Magic
 - Level 2.0 Air Magic
 - Level 2.4 Poison Magic
 - Level 1.9 Evocations


You had 18 spell levels left.
You knew the following spells:

 Your Spells              Type           Power      Damage    Failure   Level
a - Mephitic Cloud        Conj/Pois/Air  19%        N/A       8%          3
b - Ice Form              Ice/Tmut       48%        N/A       1%          4
c - Ozocubu's Refrigerat  Ice            28%        4d13      26%         7
d - Dazzling Flash        Conj/Hex       28%        N/A       12%         3

Your spell library contained the following spells:

 Spells                   Type           Power      Damage    Failure   Level
 Beastly Appendage        Tmut           70%        N/A       1%          1
 Wereblood                Tmut           35%        N/A       1%          2
 Frozen Ramparts          Ice            100%       1d16      1%          3
 Magic Dart               Conj           72%        1d6       2%          1
 Spider Form              Tmut/Pois      27%        N/A       3%          3
 Static Discharge         Conj/Air       36%        2-4/arc   4%          2
 Apportation              Tloc           22%        N/A       6%          1
 Necrotise                Necr           44%        1d6       6%          1
 Momentum Strike          Conj/Tloc      28%        3d8       6%          2
 Blink                    Tloc           22%        N/A       10%         2
 Lesser Beckoning         Tloc           22%        N/A       10%         2
 Vhi's Electric Charge    Tloc/Air       28%        N/A       12%         3
 Inner Flame              Hex/Fire       11%        N/A       19%         3
 Vampiric Draining        Necr           11%        2d6       19%         3
 Olgreb's Toxic Radiance  Pois           20%        N/A       22%         4
 Alistair's Intoxication  Tmut/Pois      18%        N/A       28%         5
 Cause Fear               Hex            5%         N/A       52%         4
 Passage of Golubria      Tloc           11%        N/A       52%         4
 Arcjolt                  Conj/Air       9%         1d19      58%         5
 Lightning Bolt           Conj/Air       9%         1d21      58%         5
 Silence                  Hex/Air        7%         N/A       75%         5
 Agony                    Necr           11%        N/A       86%         5
 Discord                  Hex            5%         N/A       100%        8
 Ignition                 Fire           5%         3d4       100%        8
 Lehudib's Crystal Spear  Conj/Erth      7%         10d3      100%        8
 Fire Storm               Conj/Fire      7%         8d2       100%        9
 Summon Ice Beast         Ice/Summ       Unusable   N/A       N/A         4
 Call Imp                 Summ           Unusable   N/A       N/A         2

Dungeon Overview and Level Annotations

Branches:
Dungeon (14/15)            Temple (1/1) D:6            Lair (5/5) D:11
  Swamp (0/4) Lair:2       Spider (0/4) Lair:2          Orc (2/2) D:10
    Elf (0/3) Orc:2        Vaults (0/5) D:13
  Slime: Lair:4-5

Altars:
Ashenzari
Cheibriados
Dithmenos
Elyvilon
Gozag
Kikubaaqudgha
Makhleb
Nemelex Xobeh
Okawaru
Qazlal
Ru
Sif Muna
Trog
Uskayaw
Vehumet
Wu Jian
Xom
Zin
The Shining One

Shops:
D:1 *   D:3 [   D:10 [(:   Orc:1 *

Annotations:
D:9 2 runed translucent doors
D:12 1 transporter
Lair:2 exclusion: orb spider
Lair:3 Gastronok
Orc:1 Fannar


Innate Abilities, Weirdness & Mutations

You are a creature of crystalline ice.
You have a powerful freezing melee attack.
Your maximum health is increased.
Your armour is entirely melded.
You are incapable of wielding weapons or throwing items.
You cannot wear most types of armour.
You are amphibious.
You can wear up to seven rings at the same time.
((Your skin changes colour to match your surroundings (Stealth+).))
Your magical capacity is low. (-10% MP)
((Your rubbery body absorbs attacks. (AC +1, EV +1)))
You are missing a hand.
You are hated by all.
You are somewhat inexperienced. (-1 XL)
((You are camouflaged when in or above water. (Stealth+)))
((You have tentacles for arms and can constrict up to seven enemies at once.))
You possess an exceptional clarity of mind.
You are strong-willed. (Will+)


Message History

You climb downwards.
The five-headed hydra bites you. x2
You focus your inner power and illuminate the five-headed hydra in retribution!
The five-headed hydra bites you!
The five-headed hydra barely misses you.
The five-headed hydra bites you but does no damage. x4
The five-headed hydra completely misses you.
The five-headed hydra bites you!
There is a stone staircase leading up here.
The eight-headed hydra roars!
The five-headed hydra bites you but does no damage.
The five-headed hydra misses you.
The five-headed hydra closely misses you. x2
The five-headed hydra bites you.
You focus your inner power and blind the five-headed hydra in retribution!
You climb upwards.
There is a stone staircase leading down here.
Aiming: Polymorph
Press: ? - help, Shift-Dir - straight line, f - five-headed hydra
Aim: a five-headed hydra (blind, softly glowing, will become a spark wasp, a quicksilver ooze, or a goliath frog, chance to affect: 21%)
The five-headed hydra evaporates and reforms as a spark wasp!
The spark wasp stings you! The spark wasp shocks you!
Casting: Ice Form (mildly dangerous; 1% risk of failure)
Confirm with . or Enter, or press ? or * to list all spells.
Casting: Dazzling Flash (mildly dangerous; 12% risk of failure)
Press: ? - help, Dir - look around, f - activate The spark wasp is stunned by your conviction and fails to attack.
The spark wasp stings you but does no damage.
Casting: Dazzling Flash (mildly dangerous; 12% risk of failure)
Confirm with . or Enter, or press ? or * to list all spells.
Casting: Dazzling Flash (mildly dangerous; 12% risk of failure)
Press: ? - help, Dir - look around, f - activate The spark wasp stings you!
The spark wasp shocks you!
* * * LOW HITPOINT WARNING * * *
You feel much better. The spark wasp stings you!!
* * * LOW HITPOINT WARNING * * *
The spark wasp shocks you!
* * * LOW HITPOINT WARNING * * *
You focus your inner power and slow the spark wasp in retribution!
The spark wasp stings you!!
You die...

##...P##P.......###
#....######.#..P.#
##P..P# ##.....#
#P.P[## #.....####
##PP.# ###.....#.
#....### ##.P..##
##.....## ##.....
#..y...# ##.....
#...Y..### #.##...
####.#...# ###.#P.
#.....# ####.
##....# ###. ##..##
### #... #### ##.#
###. ##..#######.
#.#...##P...
##..........


You could see a spark wasp (slow).

Vanquished Creatures
  8 vault guards (D:13)
  A boulder beetle (D:12)
  4 centaur warriors
  4 two-headed ogres
  3 death yaks
  A tengu warrior (D:14)
  2 orc high priests
  Urug (Lair:2)
  Sonja (Orc:1)
  A glowing orange brain (Orc:2)
  A lindwurm (Lair:1)
  4 orc knights
  4 deep elf pyromancers
  4 orc sorcerers
  2 cyclopes
  15 elephants
  2 black mambas
  2 gargoyles
  7 cane toads
  A rime drake (Lair:1)
  9 komodo dragons
  A tengu conjurer (D:14)
  A polar bear (Lair:3)
  3 meliai (D:12)
  Prince Ribbit (D:8)
  3 trolls
  Grinder (D:3)
  19 blink frogs
  A shadow (D:11)
  4 wraiths
  45 yaks
  6 wyverns
  2 basilisks
  A golden eye (shapeshifter) (D:14)
  3 steam dragons
  A warg (Orc:1)
  An acid dragon (D:9)
  15 water moccasins
  19 orc warriors
  2 ice beasts
  A black bear (D:6)
  9 ogres
  7 wolves
  6 centaurs
  2 kobold brigands
  6 bullfrogs
  4 scorpions
  10 wights
  13 killer bees (D:9)
  A jelly (D:5)
  3 electric eels
  3 howler monkeys (D:14)
  A lava snake (D:9)
  4 hounds
  A gnoll bouda (D:6)
  10 orc priests
  Jessica (D:2)
  6 iguanas
  15 orc wizards
  Ijyb (D:4)
  Terence (D:3)
  7 gnolls
  13 adders
  A shadow imp (D:8)
  3 worms
  3 dart slugs
  66 orcs
  6 bats
  13 endoplasms
  8 giant cockroaches
  11 hobgoblins
  12 kobolds
  4 quokkas
  10 ball pythons
  3 frilled lizards
  6 goblins
  4 rats
481 creatures vanquished.

Vanquished Creatures (others)
  A goliath frog (Orc:1)
  A komodo dragon (Lair:4)
  2 trolls (D:12)
  An orc warrior (Orc:1)
  An orc (Orc:2)
  53 fungi
  50 plants
  5 withered plants (Lair:5)
114 creatures vanquished.

Grand Total: 595 creatures vanquished

Notes
Turn   | Place    | Note
-------+----------+-------------------------------------------
     0 | D:1      | junb69 the Octopode Transmuter began the quest for the Orb.
     0 | D:1      | Reached XP level 1. HP: 13/13 MP: 3/3
    79 | D:1      | Reached XP level 2. HP: 12/18 MP: 3/5
   351 | D:1      | Found Qeegudd's General Store.
   515 | D:1      | Reached XP level 3. HP: 18/23 MP: 6/6
   971 | D:2      | Reached XP level 4. HP: 28/28 MP: 5/7
   976 | D:2      | Learned a level 4 spell: Ice Form
  1199 | D:2      | Reached skill level 1 in Ice Magic
  1318 | D:2      | Noticed Jessica
  1328 | D:2      | Killed Jessica
  1329 | D:2      | Reached XP level 5. HP: 27/33 MP: 6/8
  1853 | D:3      | Noticed an ogre
  2004 | D:3      | Found a blossoming altar of Fedhas.
  2023 | D:3      | Noticed Grinder
  2195 | D:4      | Reached skill level 2 in Ice Magic
  2269 | D:3      | Noticed Terence
  2279 | D:3      | Killed Terence
  2547 | D:3      | Found Nynyich's Armour Shop.
  3084 | D:4      | Noticed an ogre
  3093 | D:4      | Killed an ogre
  3094 | D:4      | Reached skill level 3 in Ice Magic
  3094 | D:4      | Reached XP level 6. HP: 38/38 MP: 4/9
  3217 | D:4      | Found a shadowy altar of Dithmenos.
  3260 | D:4      | Noticed Ijyb
  3268 | D:4      | Killed Ijyb
  3830 | D:4      | Reached XP level 7. HP: 43/43 MP: 5/10
  3877 | D:4      | Reached skill level 4 in Ice Magic
  3943 | D:5      | Entered Level 5 of the Dungeon
  4070 | D:5      | Noticed a two-headed ogre
  4088 | D:5      | Killed a two-headed ogre
  4089 | D:5      | Reached skill level 5 in Ice Magic
  4089 | D:5      | Reached XP level 8. HP: 30/48 MP: 8/11
  5483 | D:3      | Killed Grinder
  5484 | D:3      | Reached XP level 9. HP: 59/59 MP: 11/15
  5689 | D:6      | Reached skill level 5 in Fighting
  5693 | D:6      | Reached skill level 5 in Spellcasting
  5795 | D:6      | Found a staircase to the Ecumenical Temple.
  5807 | Temple   | Entered the Ecumenical Temple
  5814 | Temple   | Became a worshipper of Ru the Awakened
  6162 | D:7      | Reached skill level 5 in Unarmed Combat
  6875 | D:7      | Found a shimmering altar of Xom.
  7115 | D:7      | Reached skill level 5 in Dodging
  7203 | D:7      | Reached XP level 10. HP: 62/66 MP: 14/17
  7212 | D:7      | Gained mutation: You are missing a hand. [Ru sacrifice]
  7212 | D:7      | Reached * piety under Ru
  7212 | D:7      | Reached ** piety under Ru
  7212 | D:7      | Reached *** piety under Ru
  7458 | D:8      | Reached skill level 1 in Stealth
  7712 | D:8      | Noticed Prince Ribbit
  7722 | D:8      | Killed Prince Ribbit
  7936 | D:8      | Found a stormy altar of Qazlal.
  7936 | D:8      | Found a hide-covered altar of Uskayaw.
  8584 | D:9      | Got Dispater's Octavo of Flammable Destruction
  8593 | D:9      | Learned a level 7 spell: Ozocubu's Refrigeration
  9204 | D:9      | Found a runed translucent door.
 10186 | D:9      | Reached XP level 11. HP: 75/75 MP: 18/18
 10269 | D:9      | Found a radiant altar of Vehumet.
 10269 | D:9      | Found an opulent altar of Gozag.
 10282 | D:9      | Found a runed translucent door.
 10594 | D:10     | Entered Level 10 of the Dungeon
 10618 | D:10     | Noticed a two-headed ogre
 10624 | D:10     | Killed a two-headed ogre
 10781 | D:10     | Gained mutation: You are hated by all. [Ru sacrifice]
 10781 | D:10     | Reached **** piety under Ru
 10781 | D:10     | Reached ***** piety under Ru
 10852 | D:10     | Reached skill level 10 in Unarmed Combat
 11074 | D:10     | Identified the +2 spear of Watchfulness {holy, Str+3}
 11150 | D:9      | Reached skill level 6 in Ice Magic
 11287 | D:10     | Found Zany's Book Boutique.
 11630 | D:10     | Found Qoih's Weapon Boutique.
 11631 | D:10     | Found a staircase to the Orcish Mines.
 11631 | D:10     | Found Koreloc's Armour Boutique.
 11914 | D:11     | Noticed a cyclops
 11946 | D:12     | Found a transporter.
 11946 | D:12     | Noticed a deep elf pyromancer
 12193 | D:12     | Noticed a two-headed ogre
 12289 | D:12     | Found a flickering gateway to a bazaar.
 12298 | Bazaar   | Entered a bazaar
 12336 | Bazaar   | Found Tirrof's Armour Emporium.
 12346 | Bazaar   | Found Edubb's Assorted Antiques.
 12360 | Bazaar   | Found Etimusea's Antique Armour Shop.
 12382 | Bazaar   | Bought a scroll of identify for 42 gold pieces
 12382 | Bazaar   | Bought a scroll of identify for 42 gold pieces
 12382 | Bazaar   | Bought a bubbling cyan potion for 18 gold pieces
 12382 | Bazaar   | Bought a scroll labelled KAXTIS QERCHOSAAD for 21 gold
                  | pieces
 12526 | Bazaar   | Identified a scroll of acquirement
 12526 | Bazaar   | Acquired a staff of cold
 12740 | D:11     | Found a staircase to the Lair.
 12795 | D:11     | Reached skill level 7 in Ice Magic
 12940 | D:11     | You fall into a shaft and drop 1 floor!
 13312 | D:11     | Noticed a two-headed ogre
 13325 | D:11     | Killed a two-headed ogre
 13326 | D:11     | Reached skill level 8 in Ice Magic
 13666 | Lair:1   | Entered Level 1 of the Lair of Beasts
 13676 | Lair:1   | Gained mutation: You possess an exceptional clarity of
                  | mind. [potion of mutation]
 13676 | Lair:1   | Gained mutation: You are strong-willed. (Will+) [potion of
                  | mutation]
 13689 | Lair:1   | Reached XP level 12. HP: 84/84 MP: 17/22
 15585 | Lair:2   | Found a staircase to the Swamp.
 15630 | Lair:2   | Found a hole to the Spider Nest.
 15744 | Lair:2   | Reached skill level 9 in Ice Magic
 16139 | Lair:2   | Noticed Urug
 16294 | Lair:2   | Reached skill level 10 in Ice Magic
 16495 | Lair:2   | Killed Urug
 16796 | Lair:2   | Reached skill level 11 in Ice Magic
 16803 | Lair:2   | Reached XP level 13. HP: 76/91 MP: 24/24
 17149 | Lair:2   | Learned a level 3 spell: Mephitic Cloud
 17232 | Lair:3   | Identified the +4 hand axe "Lutiang" {flame, rC+ Will-
                  | Stlth+}
 17334 | Lair:2   | Reached skill level 1 in Conjurations
 17334 | Lair:2   | Reached skill level 1 in Air Magic
 17334 | Lair:2   | Reached skill level 1 in Poison Magic
 17908 | Lair:3   | Noticed Gastronok
 18504 | Lair:4   | Gained mutation: You are somewhat inexperienced. (-1 XL)
                  | [Ru sacrifice]
 18504 | Lair:4   | Reached XP level 12. HP: 104/104 MP: 23/23
 19248 | Lair:5   | Entered Level 5 of the Lair of Beasts
 20198 | Lair:5   | Reached skill level 10 in Spellcasting
 20425 | Orc:1    | Entered Level 1 of the Orcish Mines
 20425 | Orc:1    | Found Runlajeng's Assorted Antiques.
 20441 | D:10     | Learned a level 3 spell: Dazzling Flash
 20593 | Orc:1    | Reached skill level 1 in Evocations
 20764 | Orc:2    | Entered Level 2 of the Orcish Mines
 20764 | Orc:2    | Noticed an ettin
 20804 | Orc:1    | Noticed Sonja
 20831 | Orc:1    | Killed Sonja
 20913 | Orc:1    | Noticed an ettin
 20952 | Orc:1    | an ettin changed into a goliath frog
 20968 | Orc:1    | Reached skill level 10 in Fighting
 21299 | Orc:1    | Noticed Fannar
 21485 | Orc:1    | Reached XP level 13. HP: 41/92 MP: 20/27
 22577 | Orc:2    | Found a staircase to the Elven Halls.
 22689 | Orc:2    | Reached skill level 12 in Ice Magic
 23031 | Orc:2    | Noticed an orc warlord
 23191 | D:12     | Gained mutation: Your magical capacity is low. (-10% MP)
                  | [Ru sacrifice]
 23191 | D:12     | Reached ****** piety under Ru
 24753 | D:13     | Found a gate to the Vaults.
 25296 | D:13     | Reached skill level 13 in Ice Magic
 27006 | Lair:4   | Mangled by a spark wasp

Illustrated notes

Levels and vault maps discovered:
D:1:      zelgadis_glass_arrival_small, layout_rooms, serial_corexii_hall,
          corexii_hall_statues_i, corexii_hall_statues_deadend,
          corexii_hall_statues_x, corexii_hall_statues_i, serial_shops, shop
D:2:      minmay_inner_zag, layout_basic, uniq_jessica
D:3:      minmay_angry_zag, layout_loops_corners, fedhas_ov_isle_minmay,
          serial_shops, nicolae_shop_statue_plus, uniq_grinder, uniq_terence
D:4:      layout_basic, nicolae_dithmenos_shadow_blocks, wad_orctagon, uniq_ijyb
D:5:      kennysheep_six_static_rooms, layout_loops_ring, minmay_misc_feat_doors
D:6:      layout_rooms, minmay_temple_entry_stoned_glass
D:7:      layout_cave_pools, mainiacjoe_overflow_cross_hatched
D:8:      layout_basic, gammafunk_temple_overflow_elements, uniq_prince_ribbit1
D:9:      cheibrodos_histonic, layout_loops_cross,
          gammafunk_temple_overflow_wave, nicolae_kite_square_tiling_tiny,
          grunt_ministairs_15, corexii_corridor_pit
D:10:     layout_rooms, orc_david_3, serial_shops, shop_statue,
          minmay_statues_item
D:11:     layout_roguey, erik_lair_island
D:12:     gammafunk_jiyva_shrine, layout_irregular_city, serial_shops,
          freezing_bzr
D:13:     layout_basic, erik_vaults_2
D:14:     layout_grid_maze, dk_noncrumbling_4
Temple:   minmay_freezing_vapour_temple
Lair:1:   layout_loops_ring, pond
Lair:2:   layout_hall_layers, minmay_swamp_entry_reptiles,
          nicolae_spider_entry_orb_guardian, minivault_26, serial_bayou_shore_a,
          uniq_urug
Lair:3:   layout_loops_ring, uniq_gastronok
Lair:4:   layout_concentric_octagons
Lair:5:   due_jungle_book, layout_loops_ring, slime_entry_2, minivault_19,
          uniq_nessos
Orc:1:    layout_caves, serial_shops, shop, uniq_sonja, uniq_fannar
Orc:2:    grunt_orc_cross, layout_caves

Skill      XL: |  1  2  3  4  5  6  7  8  9 10 11 12 13 |
---------------+----------------------------------------+-----
Unarmed Combat | 4 6 9 10 | 10.7
Ice Magic      | 1 3 5 8 11 13 | 13.0
Transmutations | 3 4 6 |  6.4
Fighting       | 4 5 7 8 10 | 10.4
Spellcasting   | 4 5 7 10 11 | 11.7
Dodging        | 5 8 |  8.7
Stealth        | 3 4 |  4.2
Conjurations   | 2 |  2.0
Air Magic      | 2 |  2.0
Poison Magic   | 2 |  2.4
Evocations     | 1 |  1.9

Action                     |  1- 3 |  4- 6 |  7- 9 | 10-12 | 13-15 || total
---------------------------+-------+-------+-------+-------+-------++-------
  Melee: Unarmed           |    68 |   128 |   183 |   788 |   274 ||  1441
         Kick              |    14 |    17 |     2 |       |       ||    33
         Constrict         |    16 |    27 |     3 |     1 |       ||    47
         Tentacles         |    16 |    27 |     4 |     1 |       ||    48
         Punch             |       |     3 |       |       |       ||     3
         Staff             |       |       |       |     1 |       ||     1
   Cast: Beastly Appendage |    18 |    22 |     4 |       |       ||    44
         Ice Form          |       |     5 |    29 |   137 |    79 ||   250
         Dazzling Flash    |       |       |       |     4 |     3 ||     7
         Mephitic Cloud    |       |       |       |     2 |    27 ||    29
         Ozocubu's Refrige |       |       |       |       |     1 ||     1
 Invoke: Sacrifice a Hand  |       |       |       |     1 |       ||     1
         Sacrifice Love    |       |       |       |     1 |       ||     1
         Sacrifice Experie |       |       |       |     1 |       ||     1
         Reject Sacrifices |       |       |       |     1 |       ||     1
         Sacrifice Essence |       |       |       |       |     1 ||     1
  Evoke: Wand              |       |       |       |    42 |     6 ||    48
         Condenser vane    |       |       |       |     2 |       ||     2
    Use: Scroll            |       |     3 |     4 |    19 |     1 ||    27
         Potion            |       |     1 |     1 |     7 |     1 ||    10
   Stab: Sleeping          |     4 |     7 |     3 |     6 |     1 ||    21
         Distracted        |       |       |     1 |     6 |       ||     7
         Invisible         |       |       |       |     4 |     2 ||     6
         Petrified         |       |       |       |     3 |       ||     3
         Paralysed         |       |       |       |     2 |       ||     2
         Confused          |       |       |       |       |     8 ||     8
 Armour: Skin              |     1 |    11 |    50 |   186 |    60 ||   308
  Dodge: Dodged            |    33 |    72 |    86 |   333 |    96 ||   620
  Block: Other             |       |       |       |    36 |    25 ||    61
         Reflection        |       |       |       |     1 |     8 ||     9

Table legend: (Time is in decaauts)
 A = Elapsed time spent in this place.
 B = Non-inter-level travel time spent in this place.
 C = Inter-level travel time spent in this place.
 D = Time resting spent in this place.
 E = Time spent auto-exploring this place.
 F = Levels seen in this place.
 G = Mean time per level.
                   A        B        C        D        E       F      G
               +--------+--------+--------+--------+--------+-----+--------+
         Total |  26803 |  25252 |   1551 |   5060 |  13375 |  23 | 1165.3 |
       Dungeon |  16986 |  16053 |    933 |   2808 |   9256 |  14 | 1213.3 |
        Temple |     14 |     14 |      0 |      0 |      0 |   1 |   14.0 |
          Lair |   6749 |   6266 |    483 |    978 |   3642 |   5 | 1349.8 |
  Orcish Mines |   2815 |   2681 |    134 |   1145 |    411 |   2 | 1407.5 |
        Bazaar |    236 |    236 |      0 |    129 |     66 |   1 |  236.0 |
               +--------+--------+--------+--------+--------+-----+--------+

Top non-repeatable levels by time:
   Orc:1: 1957 daAuts
  Lair:2: 1948 daAuts
     D:9: 1947 daAuts
  Lair:1: 1705 daAuts
    D:13: 1530 daAuts
     D:4: 1471 daAuts
    D:12: 1416 daAuts
    D:10: 1345 daAuts
     D:8: 1288 daAuts
  Lair:3: 1279 daAuts
     D:5: 1261 daAuts
    D:11: 1209 daAuts
     D:3: 1175 daAuts
  Lair:4: 1102 daAuts
     D:7: 969 daAuts
